 Dungeon Crawl Stone Soup version 0.21-a0-538-gd16b88a (webtiles) character file.

86 Gerstahl the Skirmisher (level 4, -4/37 HPs)
             Began as a Demonspawn Monk on Dec 16, 2017.
             Slain by a worm (6 damage)
             ... on level 3 of the Dungeon.
             The game lasted 00:03:49 (1439 turns).

Gerstahl the Skirmisher (Demonspawn Monk)           Turns: 1439, Time: 00:03:50

Health: -4/37      AC: 11    Str: 12    XL:     4   Next: 26%
Magic:  4/4        EV: 11    Int: 11    God:
Gold:   68         SH:  0    Dex: 16    Spells: 3/3 levels left

rFire    . . .     SeeInvis .   a - +0 falchion
rCold    . . .     Gourm    .   (no shield)
rNeg     . . .     Faith    .   i - +0 ring mail
rPois    .         Spirit   .   (no helmet)
rElec    .         Reflect  .   (no cloak)
rCorr    .         Harm     .   (no gloves)
MR       .....                  (no boots)
Stlth    +.........             (no amulet)
HPRegen  0.12/turn              (no ring)
MPRegen  0.09/turn              (no ring)

@: lethally poisoned (-4 -> -6), sanguine armour
A: sanguine armour 1
a: no special abilities


You were on level 3 of the Dungeon.
You were not hungry.

You visited 1 branch of the dungeon, and saw 3 of its levels.

You collected 68 gold pieces.

Inventory:

Hand Weapons
 a - a +0 falchion (weapon)
Armour
 b - a +0 robe
 i - a +0 ring mail (worn)
Scrolls
 d - a scroll of magic mapping {unknown}
 e - 2 scrolls of identify
 g - a scroll of remove curse {unknown}
 k - a scroll of fear
 l - a scroll of teleportation {unknown}
Comestibles
 c - 2 bread rations
 f - a fruit
 h - 3 chunks of flesh
 j - a meat ration


   Skills:
 + Level 4.2 Fighting
 + Level 3.8 Long Blades
 - Level 2.6 Dodging
 - Level 1.7 Stealth


You had 3 spell levels left.
You didn't know any spells.

Dungeon Overview and Level Annotations

Branches:
Dungeon (3/15)

Altars:


Innate Abilities, Weirdness & Mutations

When seriously injured, your bleeding wounds create armour. (AC +6)


Message History

The worm misses you.
You riposte.
You hit the worm but do no damage. You hit the worm but do no damage.
You feel sick.
You barely miss the worm. The worm closely misses you.
You riposte.
Your ring mail prevents you from hitting the worm.
You barely miss the worm. The worm bites you!
* * * LOW HITPOINT WARNING * * *
You barely miss the worm.
* * * LOW HITPOINT WARNING * * *
You feel sick.
You aren't carrying any potions.
You are lethally poisoned (2 -> 0).
Your shed blood clings to and protects you.
Your movement speed is average.
Your attack speed is below average.
Unknown command.
Okay, then.
As you read the scroll labeled XAPNUI FITZ, it crumbles to dust.
It is a scroll of identify.
k - a scroll of fear The worm bites you.
You die...

## ..## #. ...
#. ..##### #.
....(..
##.###.#....
#.##..<.......#
......?.†#†#.##
######.#.@w..#
#.###†...... #.
....... ##
#######


You could see a worm.

Vanquished Creatures
  3 adders
  An ooze (D:1)
  A worm (D:2)
  A dart slug (D:1)
  3 leopard geckos
  5 bats
  4 giant cockroaches
  5 goblins
  5 hobgoblins
  A ball python (D:1)
  4 frilled lizards
  4 kobolds
  11 rats
48 creatures vanquished.

Notes
Turn   | Place    | Note
-------+----------+-------------------------------------------
     0 | D:1      | Gerstahl the Demonspawn Monk began the quest for the Orb.
     0 | D:1      | Reached XP level 1. HP: 18/18 MP: 1/1
   167 | D:1      | Gained mutation: When seriously injured, your bleeding wounds create armour. (AC +6) [demonic ancestry]
   167 | D:1      | Reached XP level 2. HP: 20/24 MP: 2/2
   505 | D:1      | Reached XP level 3. HP: 15/30 MP: 3/3
  1162 | D:2      | Found a faded altar of an unknown god.
  1200 | D:2      | Reached skill level 4 in Fighting
  1351 | D:2      | Reached XP level 4. HP: 33/37 MP: 4/4
  1439 | D:3      | Slain by a worm

Vault maps used:
D:1:      onia_arrival_mini_maze
D:2:      chequers_ecumenical_altar_simple_redux
D:3:      minmay_hedge_maze

Skill      XL: |  1  2  3 |
---------------+----------+-----
Long Blades    | 3 |  3.8
Fighting       | 4 |  4.2
Dodging        | |  2.6
Stealth        | |  1.7

Action                   |  1- 3 |  4- 6 || total
-------------------------+-------+-------++-------
Melee: Falchion          |   117 |    19 ||   136
  Use: Scroll            |       |     1 ||     1
 Stab: Sleeping          |     5 |       ||     5
  Eat: Chunk             |     2 |       ||     2
Armor: Robe              |     9 |       ||     9
       Ring mail         |    19 |    16 ||    35
Dodge: Dodged            |    78 |    18 ||    96
       Rpst.: Falchion   |    27 |     9 ||    36

Table legend:
 A = Spawn XP
 B = Non-spawn XP
 C = Spawn XP percentage of total XP
 D = Spawn monster count
 E = Non-spawn monster count
 F = Spawn count percentage of total count
 G = Total turns spent on level
                    A         B        C        D         E        F      G
               +---------+---------+-------+---------+---------+-------+---------
         Total |       0 |     123 |   0.0 |       0 |      48 |   0.0 |  1439
               +---------+---------+-------+---------+---------+-------+---------
           D:1 |       0 |      47 |   0.0 |       0 |      25 |   0.0 |   947
           D:2 |       0 |      59 |   0.0 |       0 |      20 |   0.0 |   470
           D:3 |       0 |      17 |   0.0 |       0 |       3 |   0.0 |    22
               +---------+---------+-------+---------+---------+-------+---------
